 Dungeon Crawl Stone Soup version bcrawl-1.36.4 (webtiles) character file.

Game seed: 5572317023940254928

362148 Mrkan the Pacifist (level 10, 0/104 HPs)
             Began as a Troll Monk on July 24, 2022.
             Was an Elder of Elyvilon.
             Succumbed to Psyche's poison arrow
             ... on level 8 of the Dungeon.
             The game lasted 00:14:44 (7134 turns).

Mrkan the Pacifist (Troll Monk)                     Turns: 7134, Time: 00:14:44

Health: 0/104      AC: -7    Str: 24    XL:     10   Next: 40%
Magic:  1/16       EV:  7    Int: 10    God:    Elyvilon [****..]
Gold:   612        SH: 10    Dex: 12    Spells: 9/9 levels left

rFire    . . .     SeeInvis .     - Claws (27.6)
rCold    . . .     Gourm    +   i - +2 medium shield
rNeg     . . .     Faith    .   (armour unavailable)
rPois    .         Spirit   +   a - +1 hat
rElec    .         Reflect  .   (no cloak)
rCorr    .                      (gloves unavailable)
MR       .....                  (boots unavailable)
Stlth    ..........             b - amulet of guardian spirit
HPRegen  0.67/turn              H - ring "Joicatam" {Str+3 Stlth--}
MPRegen  0.15/turn              (no ring)

@: lethally poisoned (0 -> -11), corroded, lightly drained
A: large, almost no armour, claws 3, fast metabolism 3, gourmand, regeneration
1, AC +8
a: Lesser Healing, Heal Other, Purification, Greater Healing, Divine Protection,
Renounce Religion


You were on level 8 of the Dungeon.
You worshipped Elyvilon.
Elyvilon was greatly pleased with you.
You were completely stuffed.

You visited 1 branch of the dungeon, and saw 8 of its levels.
You also visited: Sewer.

You collected 644 gold pieces.
You spent 32 gold pieces at shops.

Inventory:

Hand Weapons
 l - a +1 giant spiked club
Missiles
 g - 6 throwing nets {=f}
Armour
 a - a +1 hat (worn)
 i - a +2 medium shield (worn)
Jewellery
 b - an amulet of guardian spirit (around neck)
 s - the ring "Plog" {Ice Stlth+}
   (You found it on level 4 of the Dungeon)

   [ring of ice]

   It enhances your ice magic.
   It makes you vulnerable to fire.
   It protects you from cold.
   It makes you more stealthy.
 H - the ring "Joicatam" (left claw) {Str+3 Stlth--}
   (You found it on level 7 of the Dungeon)

   [ring of attention]

   It affects your strength (+3).
   It makes you much less stealthy.
Wands
 z - a wand of flame (19)
 C - a wand of clouds (7)
 E - a wand of acid (6)
Scrolls
 c - 5 scrolls of remove curse
 h - 6 scrolls of teleportation
 k - a scroll of immolation {unknown}
 m - 2 scrolls of fog
 p - 2 scrolls of fear
 q - 2 scrolls of enchant weapon
 r - a scroll of amnesia {unknown}
 x - 2 scrolls of enchant armour
 y - a scroll of blinking
 D - a scroll of noise {unknown}
Potions
 d - a potion of degeneration {unknown}
 f - 6 potions of curing
 j - a potion of ambrosia {unknown}
 n - 2 potions of haste {unknown}
 o - a potion of resistance {unknown}
 t - 4 potions of might
 u - 6 potions of heal wounds
 v - 3 potions of brilliance
 w - 2 potions of agility {unknown}
 A - a potion of flight {unknown}
 F - 3 potions of mutation
 I - a potion of lignification {unknown}
Comestibles
 e - 8 rations {!d}
 B - 23 chunks of flesh


   Skills:
 - Level 8.0(7.7) Fighting
 - Level 2.4(2.1) Dodging
 - Level 1.1(0.8) Stealth
 * Level 1.2(0.9) Shields
 - Level 9.0(8.7) Unarmed Combat
 + Level 9.5(9.2) Invocations


You had 9 spell levels left.
You didn't know any spells.
Your spell library contained the following spells:

 Spells                   Type           Power        Failure   Level  Hunger
 Magic Dart               Conj           #...         97%         1    None
 Necrotize                Necr           #.....       97%         1    None
 Searing Ray              Conj           #.......     99%         2    ####...
 Iskenderun's Mystic Bla  Conj           #.......     100%        3    #####..
 Vampiric Draining        Necr           #.........   100%        3    #####..
 Agony                    Necr           #.......     100%        4    ######.
 Animate Dead             Necr           N/A          100%        4    ######.
 Fulminant Prism          Conj/Hex       #.........   100%        4    ######.
 Dispel Undead            Necr           #.......     100%        5    #######
 Irradiate                Conj/Tmut      #.........   100%        5    #######


Dungeon Overview and Level Annotations

Branches:
Dungeon (8/12)             Temple (0/1) D:4
   Lair: D:7-9          Orc: D:8-11

Altars:
Cheibriados
Elyvilon
Kikubaaqudgha
Lugonu
Makhleb
Nemelex Xobeh
Okawaru
Ru
Sif Muna
Vehumet
Wu Jian
Xom

Shops:
D:4 !   D:6 [   D:8 !

Annotations:
D:8 Psyche


Innate Abilities, Weirdness & Mutations

You cannot wear most types of armour.
Your thick skin is tough. (AC +8)
You are too large for most types of armour.
You have claws for hands.
Your metabolism is lightning-fast.
You like to eat raw meat.
Your natural rate of healing is unusually fast.


Message History

Elyvilon protects you from harm!
* * * LOW HITPOINT WARNING * * *
You feel sick. Psyche gestures at you while chanting.
You are more poisoned.
The poison arrow hits you!! Elyvilon protects you from harm!
Elyvilon protects you from harm!
Psyche disappears!
Elyvilon protects you from harm! Elyvilon protects you from harm!
Elyvilon protects you from harm!
* * * LOW HITPOINT WARNING * * *
You feel sick. Elyvilon protects you from harm!
You see here 258 stones.
Your divine protection fades away.
* * * LOW HITPOINT WARNING * * *
You feel sick.
You die...

##########################
...............>.........#
###############.########.#
........# #.## #.#
#######.# #..# ... #.#
##(# #..## #######.# #.##
##.# ..^...#.# #@.# #.#
#####.#.# ##.# #.# #...#
..# #.# ##### #.# # .. +
... # #..# ...


There were no monsters in sight!

Vanquished Creatures
  Harold (D:8)
  An eye of draining (D:8)
  A komodo dragon (D:7)
  A hippogriff (D:4)
  A meliai zombie (D:7)
  4 yaks
  A water moccasin (D:7)
  3 sky beasts
  A black bear (D:5)
  2 ogres
  A phantom (D:4)
  A kobold brigand (Sewer)
  3 bullfrogs
  4 centaurs
  4 scorpions
  4 wights (D:6)
  2 howler monkeys
  4 orc priests
  4 crimson imps
  3 bullfrog zombies
  5 hounds
  6 orc wizards
  2 bullfrog skeletons
  2 iguanas
  Jessica (D:2)
  2 worker ants
  A hound skeleton (D:4)
  3 worker ant zombies
  12 adders
  6 river rats
  3 oozes
  An adder skeleton (D:5)
  4 worms
  4 dart slugs
  7 leopard geckos
  18 orcs
  5 ball pythons (Sewer)
  5 bats
  3 giant cockroaches
  6 goblins
  4 hobgoblins
  4 jackals (D:3)
  3 quokkas
  5 frilled lizards
  23 kobolds
  2 quokka skeletons (D:4)
  28 rats
211 creatures vanquished.

Notes
Turn   | Place    | Note
-------+----------+-------------------------------------------
     0 | D:1      | Mrkan the Troll Monk began the quest for the Orb.
     0 | D:1      | Reached XP level 1. HP: 22/22 MP: 1/1
   129 | D:1      | Reached XP level 2. HP: 29/29 MP: 2/2
   676 | D:2      | Reached XP level 3. HP: 27/36 MP: 3/3
   685 | D:2      | Noticed Jessica
   691 | D:2      | Killed Jessica
   789 | D:2      | Noticed an ogre
   797 | D:2      | Killed an ogre
   798 | D:2      | Reached skill level 5 in Unarmed Combat
   798 | D:2      | Gained mutation: Your natural rate of healing is unusually
                  | fast. [Troll growth]
   798 | D:2      | Reached XP level 4. HP: 44/44 MP: 4/4
   798 | D:2      | Reached XP level 5. HP: 50/50 MP: 5/5
  1766 | D:3      | Reached XP level 6. HP: 46/59 MP: 4/6
  1933 | D:3      | Found a shimmering blue altar of Sif Muna.
  2104 | D:3      | Found a white marble altar of Elyvilon.
  2105 | D:3      | Found a corrupted altar of Lugonu.
  2139 | D:3      | Became a worshipper of Elyvilon the Healer
  2139 | D:3      | Reached * piety under Elyvilon
  2139 | D:3      | Reached ** piety under Elyvilon
  2880 | D:4      | Found a glowing drain.
  2898 | Sewer    | Entered a sewer
  2917 | Sewer    | Reached *** piety under Elyvilon
  3046 | Sewer    | Reached XP level 7. HP: 57/66 MP: 7/7
  3564 | D:4      | Found a staircase to the Ecumenical Temple.
  3576 | D:4      | Got a flickering bone ring
  3604 | D:4      | Found Nehianom's Distillery.
  3612 | D:4      | Bought a potion of curing for 32 gold pieces
  3642 | D:4      | Found a shimmering altar of Xom.
  3819 | D:4      | Noticed a hippogriff
  3829 | D:4      | Killed a hippogriff
  4032 | D:5      | Entered Level 5 of the Dungeon
  4075 | D:5      | Reached XP level 8. HP: 68/78 MP: 5/8
  4217 | D:5      | Found a sparkling altar of Nemelex Xobeh.
  4219 | D:5      | Found a radiant altar of Vehumet.
  4220 | D:5      | Found an ancient bone altar of Kikubaaqudgha.
  4220 | D:5      | Found a burning altar of Makhleb.
  4234 | D:5      | Reached skill level 5 in Fighting
  4438 | D:5      | Found a snail-covered altar of Cheibriados.
  4467 | D:5      | Reached **** piety under Elyvilon
  4568 | D:5      | Found a shimmering blue altar of Sif Muna.
  5084 | D:6      | Reached XP level 9. HP: 84/93 MP: 7/9
  5233 | D:6      | Found Watoxekk's Armour Boutique.
  5690 | D:6      | Reached ***** piety under Elyvilon
  6009 | D:6      | Found a sacrificial altar of Ru.
  6114 | D:7      | Found an iron altar of Okawaru.
  6117 | D:7      | Noticed a six-headed hydra
  6133 | D:7      | Pacified a six-headed hydra
  6134 | D:7      | Reached skill level 5 in Invocations
  6180 | D:7      | Noticed a komodo dragon
  6198 | D:7      | Killed a komodo dragon
  6287 | D:7      | Got a crude wooden ring
  6459 | D:7      | Found an ornate altar of the Wu Jian Council.
  6701 | D:7      | Identified the ring "Plog" {Ice Stlth+} (You found it on
                  | level 4 of the Dungeon)
  6702 | D:7      | Identified the ring "Joicatam" {Str+3 Stlth--} (You found
                  | it on level 7 of the Dungeon)
  6734 | D:8      | Noticed Harold
  6746 | D:8      | Killed Harold
  6747 | D:8      | Reached XP level 10. HP: 61/104 MP: 10/15
  6938 | D:8      | Found Goille's Distillery.
  7019 | D:8      | Reached skill level 1 in Shields
  7107 | D:8      | Noticed Psyche
  7117 | D:8      | Elyvilon protects you from harm!
  7118 | D:8      | HP: 5/104 [poisoned by Psyche (poison arrow)]
  7119 | D:8      | Elyvilon protects you from harm!
  7119 | D:8      | HP: 1/104 [Psyche/+2 dagger of chaos (2)]
  7121 | D:8      | Elyvilon protects you from harm!
  7121 | D:8      | Elyvilon protects you from harm!
  7124 | D:8      | HP: 4/104 [poisoned by Psyche]
  7124 | D:8      | Elyvilon protects you from harm!
  7124 | D:8      | Elyvilon protects you from harm!
  7124 | D:8      | Elyvilon protects you from harm!
  7125 | D:8      | Elyvilon protects you from harm!
  7125 | D:8      | Elyvilon protects you from harm!
  7126 | D:8      | HP: 1/104 [poisoned by Psyche (poison arrow)]
  7126 | D:8      | Elyvilon protects you from harm!
  7127 | D:8      | Elyvilon protects you from harm!
  7128 | D:8      | Elyvilon protects you from harm!
  7129 | D:8      | Elyvilon protects you from harm!
  7130 | D:8      | Elyvilon protects you from harm!
  7131 | D:8      | HP: 2/104 [poisoned by Psyche (poison arrow)]
  7132 | D:8      | Elyvilon protects you from harm!
  7134 | D:8      | Succumbed to Psyche's poison arrow

Skill      XL: |  1  2  3  4  5  6  7  8  9 10 |
---------------+-------------------------------+-----
Unarmed Combat | 4 5 6 8 9 |  9.0
Fighting       | 4 7 8 |  8.0
Invocations    | 8 9 |  9.5
Shields        | 1 |  1.2
Dodging        | |  2.4
Stealth        | |  1.1

Action                   |  1- 3 |  4- 6 |  7- 9 | 10-12 || total
-------------------------+-------+-------+-------+-------++-------
Melee: Unarmed           |    56 |   166 |   299 |    50 ||   571
       Punch             |     4 |     2 |    10 |       ||    16
Invok: Heal Other        |       |       |     2 |       ||     2
       Divine Protection |       |       |       |     1 ||     1
  Use: Scroll            |       |       |    14 |       ||    14
       Potion            |       |       |       |     1 ||     1
 Stab: Sleeping          |     3 |     4 |     3 |       ||    10
  Eat: Chunk             |    11 |    17 |    28 |     5 ||    61
Armor: Skin              |    20 |    67 |   124 |    13 ||   224
Dodge: Dodged            |    20 |    84 |   138 |     7 ||   249
Block: Medium shield     |       |       |       |    15 ||    15
